 Dungeon Crawl Stone Soup version 0.23.2-33-g5129a83184 (webtiles) character file.

Game seed: 7924975003648128216

63 Ivernyr the Magician (level 4, -9/32 HPs)
             Began as a Gnoll Wizard on July 11, 2019.
             Mangled by an ice beast (13 damage)
             ... on level 2 of the Dungeon.
             The game lasted 00:13:08 (2419 turns).

Ivernyr the Magician (Gnoll Wizard)                 Turns: 2419, Time: 00:13:09

Health: -9/32      AC:  3    Str: 10    XL:     4   Next: 10%
Magic:  13/22      EV: 14    Int: 21    God:
Gold:   148        SH:  0    Dex: 13    Spells: 6/17 levels left

rFire    . . .     SeeInvis .     - Unarmed
rCold    . . .     Gourm    .   (no shield)
rNeg     . . .     Faith    .   a - +0 robe
rPois    .         Spirit   .   m - +0 helmet
rElec    .         Reflect  .   (no cloak)
rCorr    .         Harm     .   (no gloves)
MR       .....                  (no boots)
Stlth    +++.......             (no amulet)
HPRegen  0.10/turn              j - ring of magical power
MPRegen  0.18/turn              (no ring)

@: no status effects
A: distributed training, fangs 1, strong nose
a: no special abilities


You were on level 2 of the Dungeon.
You were not hungry.

You visited 1 branch of the dungeon, and saw 2 of its levels.

You collected 148 gold pieces.

Inventory:

Armour
 a - a +0 robe (worn)
 m - a +0 helmet (worn)
Jewellery
 j - a ring of magical power (left hand)
Scrolls
 b - a scroll of magic mapping {unknown}
 c - a scroll of blinking {unknown}
 e - 2 scrolls of identify {unknown}
 f - a scroll of enchant weapon {unknown}
 i - a scroll of remove curse {unknown}
 k - a scroll of amnesia {unknown}
 l - a scroll of random uselessness {unknown}
Potions
 g - a potion of cancellation {unknown}
 h - a potion of lignification {unknown}
Comestibles
 d - 4 rations


   Skills:
 + Level 1.0 Fighting
 + Level 1.0 Short Blades
 + Level 1.0 Long Blades
 + Level 1.0 Axes
 + Level 1.0 Maces & Flails
 + Level 1.0 Polearms
 + Level 1.0 Staves
 + Level 1.0 Slings
 + Level 1.0 Bows
 + Level 1.0 Crossbows
 + Level 1.0 Throwing
 + Level 1.0 Armour
 + Level 4.6 Dodging
 + Level 4.2 Stealth
 + Level 1.0 Shields
 + Level 1.0 Unarmed Combat
 + Level 7.2 Spellcasting
 + Level 2.2 Conjurations
 + Level 0.7 Hexes
 + Level 0.7 Charms
 + Level 2.2 Summonings
 + Level 0.7 Necromancy
 + Level 2.2 Translocations
 + Level 0.7 Transmutations
 + Level 0.7 Fire Magic
 + Level 0.7 Ice Magic
 + Level 0.7 Air Magic
 + Level 0.7 Earth Magic
 + Level 0.7 Poison Magic
 + Level 1.1 Invocations
 + Level 1.0 Evocations


You had 6 spell levels left.
You knew the following spells:

 Your Spells              Type           Power        Failure   Level  Hunger
a - Magic Dart            Conj           ###.         3%          1    None
b - Blink                 Tloc           N/A          5%          2    None
c - Conjure Flame         Conj/Fire      ##......     14%         3    None
d - Mephitic Cloud        Conj/Pois/Air  ##......     16%         3    None
e - Call Imp              Summ           ###.....     5%          2    None

Your spell library contained the following spells:

 Spells                   Type           Power        Failure   Level  Hunger
 Slow                     Hex            ##......     10%         2    None


Dungeon Overview and Level Annotations

Branches:
Dungeon (2/15)

Altars:
Dithmenos
Nemelex Xobeh


Innate Abilities, Weirdness & Mutations

Your experience applies equally to all skills.
You have very sharp teeth.
Your uncanny sense of smell can sniff out nearby items.


Message History

The magic dart hits the ice beast but does no damage.
The ice beast is lightly wounded.
Unknown command.
Unknown command.
The ice beast barely misses you. The ice beast misses you.
Casting: Magic Dart (safe; 3% risk of failure)
Confirm with . or Enter, or press ? or * to list all spells.
You blink.
The ice beast misses you.
Casting: Blink (safe; 5% risk of failure)
Confirm with . or Enter, or press ? or * to list all spells.
You blink.
The ice beast hits you. The ice beast freezes you!
Okay, then.
The ice beast hits you. The ice beast freezes you!
* * * LOW HITPOINT WARNING * * *
The ice beast hits you.
* * * LOW HITPOINT WARNING * * *
The ice beast freezes you!
You die...

## ###..#.......##..#Y.#... .#
#.#.##........##.†.##... .#
#...#...#......##..#...# .#
##†##..(##......####...#
.#########..#...####......##...##
.........#)##...#..##......#...#
########.#.#...##...##........##
#.###...#.Y#..##.......#
#.##...##@##...##.....##
#.##...#..#..#..##....#
#.#...##÷##.##...##..##
#.#...').#..#..#..##.+
#.##.################# #....#
######


You could see an ice beast.

Vanquished Creatures
  2 adders (D:2)
  3 dart slugs
  6 bats
  4 giant cockroaches
  5 goblins (D:1)
  4 hobgoblins
  2 jackals (D:1)
  A ball python (D:1)
  2 frilled lizards (D:2)
  4 kobolds
  A leopard gecko skeleton (D:2)
  5 rats
39 creatures vanquished.

Notes
Turn   | Place    | Note
-------+----------+-------------------------------------------
     0 | D:1      | Ivernyr the Gnoll Wizard began the quest for the Orb.
     0 | D:1      | Reached XP level 1. HP: 13/13 MP: 8/8
   203 | D:1      | Reached XP level 2. HP: 19/19 MP: 5/10
   295 | D:1      | Learned a level 2 spell: Blink
  1211 | D:2      | Reached XP level 3. HP: 25/25 MP: 11/11
  1237 | D:2      | Learned a level 3 spell: Conjure Flame
  1241 | D:2      | Learned a level 3 spell: Mephitic Cloud
  1244 | D:2      | Learned a level 2 spell: Call Imp
  1332 | D:2      | Found a faded altar of an unknown god.
  1504 | D:2      | Found a sparkling altar of Nemelex Xobeh.
  1552 | D:2      | Found a shadowy altar of Dithmenos.
  1579 | D:2      | Reached skill level 1 in Invocations
  1706 | D:2      | Noticed an ice beast
  2191 | D:2      | Reached skill level 1 in Fighting
  2191 | D:2      | Reached skill level 1 in Short Blades
  2191 | D:2      | Reached skill level 1 in Long Blades
  2191 | D:2      | Reached skill level 1 in Axes
  2191 | D:2      | Reached skill level 1 in Maces & Flails
  2191 | D:2      | Reached skill level 1 in Polearms
  2191 | D:2      | Reached skill level 1 in Staves
  2191 | D:2      | Reached skill level 1 in Slings
  2191 | D:2      | Reached skill level 1 in Bows
  2191 | D:2      | Reached skill level 1 in Crossbows
  2191 | D:2      | Reached skill level 1 in Throwing
  2191 | D:2      | Reached skill level 1 in Armour
  2191 | D:2      | Reached skill level 1 in Shields
  2191 | D:2      | Reached skill level 1 in Unarmed Combat
  2191 | D:2      | Reached skill level 1 in Evocations
  2191 | D:2      | Reached XP level 4. HP: 27/32 MP: 13/13
  2419 | D:2      | Mangled by an ice beast

Skill      XL: |  1  2  3 |
---------------+----------+-----
Conjurations   | 2 |  2.2
Summonings     | 2 |  2.2
Translocations | 2 |  2.2
Invocations    | 1 |  1.1
Fighting       | 1 |  1.0
Short Blades   | 1 |  1.0
Long Blades    | 1 |  1.0
Axes           | 1 |  1.0
Maces & Flails | 1 |  1.0
Polearms       | 1 |  1.0
Staves         | 1 |  1.0
Slings         | 1 |  1.0
Bows           | 1 |  1.0
Crossbows      | 1 |  1.0
Throwing       | 1 |  1.0
Armour         | 1 |  1.0
Shields        | 1 |  1.0
Unarmed Combat | 1 |  1.0
Evocations     | 1 |  1.0
Dodging        | |  4.6
Stealth        | |  4.2
Spellcasting   | |  7.2
Hexes          | |  0.7
Charms         | |  0.7
Necromancy     | |  0.7
Transmutations | |  0.7
Fire Magic     | |  0.7
Ice Magic      | |  0.7
Air Magic      | |  0.7
Earth Magic    | |  0.7
Poison Magic   | |  0.7

Action                   |  1- 3 |  4- 6 || total
-------------------------+-------+-------++-------
 Cast: Magic Dart        |    84 |    12 ||    96
       Blink             |     5 |     2 ||     7
       Conjure Flame     |     3 |     2 ||     5
  Eat: Chunk             |     2 |     2 ||     4
Armor: Robe              |     3 |     2 ||     5
Dodge: Dodged            |     6 |     6 ||    12
